 Seeded DCSS version 0.32-a0-80-g5f43475 (webtiles) character file.

Game seed: 3644087795793700585 (custom seed)

7597 brinewave the Protected (level 10, -3/88 HPs)
             Began as an Armataur Shapeshifter on Feb 5, 2024.
             Was an Initiate of Trog.
             Slain by an iron imp (5 damage)
             ... summoned by a kobold demonologist
             ... on level 9 of the Dungeon.
             The game lasted 00:27:50 (7867 turns).

brinewave the Protected (Armataur Shapeshifter)     Turns: 7867, Time: 00:27:51

Health: -3/88      AC: -11   Str: 23    XL:     10   Next: 97%
Magic:  10/10      EV:  5    Int: 10    God:    Trog [......]
Gold:   595        SH:  0    Dex: 11    Spells: 9/9 levels left

rFire   . .          .
                       - Unarmed
rCold   . . .        (no shield)
rNeg    . . .        N - +0 plate armour
rPois   .            (helmet currently unavailable)
rElec   .            q - melded +0 cloak
rCorr   .            (gloves currently unavailable)
SInv    .            (no barding)
Will    .....        o - amulet of regeneration Stlth
                     w - +4 ring of protection
HPRegen 1.14/turn    V - ring of flight
MPRegen 0.12/turn

%: roll
@: beast-form, corroded, flying
A: beast (slay +4), large, deformed body, tough skin 3, armoured tail, roll 2
a: Begin Untransformation, Renounce Religion


You were on level 9 of the Dungeon.
You worshipped Trog.
Trog was noncommittal.
You were a hulking beast.
You visited 1 branch of the dungeon, and saw 9 of its levels.

You collected 595 gold pieces.

Inventory:

Hand Weapons
 u - a +3 heavy mace
 D - a +2 short sword of venom
 G - the +7 spear "Upihatadd" {protect, Dex+3}
   (You found it on level 6 of the Dungeon)

   Dex+3:     It affects your dexterity (+3).
Missiles
 a - 5 atropa-tipped darts
 e - 101 stones
 h - a throwing net
 C - 3 boomerangs
 M - 6 datura-tipped darts
 O - 16 poisoned darts (quivered)
 R - 3 darts of dispersal
Armour
 j - a +0 kite shield
 q - a +0 cloak (melded)
 B - a +0 ring mail of fire resistance
 L - a +1 robe of cold resistance
 N - a +0 plate armour (worn)
Jewellery
 o - an amulet of regeneration (around neck)
 w - a +4 ring of protection (left hand)
 V - a ring of flight (right hand)
Talismans
 c - a beast talisman (active)
 d - a flux talisman
Wands
 m - a wand of flame (42)
 y - a wand of mindburst (29)
 A - a wand of charming (10)
 K - a wand of digging (5)
Scrolls
 f - 2 scrolls of poison {unknown}
 i - a scroll of vulnerability {unknown}
 n - a scroll of immolation
 r - a scroll of fear {unknown}
 v - 6 scrolls of teleportation
 x - a scroll of blinking
 E - a scroll of torment {unknown}
 F - a scroll of amnesia {unknown}
 I - a scroll of acquirement {unknown}
 P - 2 scrolls of fog
 S - a scroll of revelation {unknown}
 U - a scroll of silence {unknown}
 W - a scroll of enchant weapon
 X - a scroll of identify
Potions
 b - 2 potions of lignification
 g - 4 potions of enlightenment {unknown}
 k - 2 potions of attraction
 l - 2 potions of might {unknown}
 p - 6 potions of curing
 s - a potion of heal wounds {unknown}
 t - 4 potions of brilliance
 z - a potion of resistance
 H - a potion of magic {unknown}
 J - a potion of berserk rage {unknown}
 Q - a potion of cancellation {unknown}
 T - a potion of haste {unknown}


   Skills:
 + Level 7.8 Fighting
 + Level 10.0 Armour
 - Level 1.3 Dodging
 + Level 8.3 Unarmed Combat
 + Level 7.7 Shapeshifting


You had 9 spell levels left.
You didn't know any spells.
Your spell library contained the following spells:

 Spells                   Type           Power      Damage    Failure   Level
 Magic Dart               Conj           0%         1d3       99%         1
 Blink                    Tloc           0%         N/A       100%        2
 Call Imp                 Summ           0%         N/A       100%        2
 Fugue of the Fallen      Necr           0%         N/A       100%        3
 Ozocubu's Armour         Ice            0%         N/A       100%        3
 Manifold Assault         Tloc           0%         N/A       100%        4
 Passage of Golubria      Tloc           0%         N/A       100%        4
 Silence                  Hex/Air        0%         N/A       100%        5
 Lehudib's Crystal Spear  Conj/Erth      0%         10d2      100%        8


Dungeon Overview and Level Annotations

Branches:
Dungeon (9/15)             Temple (0/1) D:5
   Lair: D:8-11         Orc: D:9-12

Altars:
Qazlal
Trog
Uskayaw

Shops:
D:2 [

Annotations:
D:3 3 runed translucent doors, Abbadon's ghost, amateur VSHu; DispaterIsMyDaddy's ghost, amateur GnSh; McIvan's ghost, weakling DgIE; bignoob's ghost, weakling MeAl


Innate Abilities, Weirdness & Mutations

You are a hulking beast.
Your limbs bulge with bestial killing power. (Slay +4)
Armour fits poorly on your strangely shaped body.
You have extremely tough skin. (AC +3)
You have a long armoured tail.
You regenerate magic and health when rolling toward enemies. (Rampage Regen)


Message History

You hit the rust devil but do no damage.
The rust devil is severely wounded.
You hit the rust devil but do no damage.
You tail-slap the rust devil, but do no damage.
The rust devil is severely wounded.
The rust devil hits you! The rust devil corrodes you!
You barely miss the rust devil.
You tail-slap the rust devil, but do no damage.
The rust devil is severely wounded.
The rust devil hits you! The rust devil corrodes you!
You hit the rust devil but do no damage.
The rust devil is severely wounded.
The rust devil hits you!
* * * LOW HITPOINT WARNING * * *
The rust devil corrodes you!
The rust devil disappears in a puff of smoke!
The kobold demonologist miscasts a cantrip.
There is an open door here.
The kobold demonologist gestures wildly while chanting.
The kobold demonologist casts a cantrip, but nothing happens.
The rust devil hits you!
* * * LOW HITPOINT WARNING * * *
The rust devil corrodes you!
The white imp disappears in a puff of smoke!
The kobold demonologist attacks as it pursues you!
The kobold demonologist hits you with a +0 war axe!
* * * LOW HITPOINT WARNING * * *
The kobold demonologist hits you with a +0 war axe!
* * * LOW HITPOINT WARNING * * *
You hit the kobold demonologist but do no damage.
The kobold demonologist looks braver for a moment.
You hit the kobold demonologist but do no damage.
The kobold demonologist casts a spell.
You closely miss the kobold demonologist.
The kobold demonologist hits you with a +0 war axe!
* * * LOW HITPOINT WARNING * * *
You hit the kobold demonologist but do no damage.
You tail-slap the kobold demonologist, but do no damage.
The iron imp hits you.
You die...

#.#.##....#.#[.....
#..#..###.#.#......
#..#.#...##.#......
#...#.###.#.#######
#...#.#..##.#
#...#.#.#.#.#
#....#.#..#.# ##
#####'#####.# ##.
#5h..#....#.# #..
#####K##...##.#.#
#..##..##4##...##.#.#
#.#....#...###...#.#
#.##..'#...[#..##.# #
#....#)##.#...###...#.#
##### ##..#
K4#.#.##...##.#.# #....
### ..#.#.##...##.#.#
#>... .##.#....#....#.#
#.##.


You could see a rust devil (summoned), a kobold demonologist and an iron imp
(summoned).

Vanquished Creatures
  3 two-headed ogres
  An ugly thing (D:9)
  6 yaks (D:9)
  2 wraiths
  3 wyverns (D:9)
  A vampire (D:9)
  A steam dragon (D:7)
  Menkaure (D:5)
  Edmund (D:6)
  A water moccasin (D:5)
  4 orc warriors
  A sky beast (D:6)
  A black bear (D:6)
  An ogre (D:6)
  4 centaurs
  3 phantoms
  2 kobold brigands (D:9)
  Blork the orc (D:6)
  4 bullfrogs
  2 scorpions
  6 killer bees (D:9)
  2 bombardier beetles
  A hound (D:4)
  4 jellies
  2 gnoll boudas
  10 orc priests
  4 iguanas
  A sleepcap (D:4)
  Ijyb (D:3)
  7 orc wizards
  10 gnolls
  9 adders
  A white imp (D:5)
  2 ufetubi (D:5)
  2 dart slugs
  3 ribbon worms
  32 orcs
  7 ball pythons
  4 bats
  4 endoplasms
  3 giant cockroaches
  6 goblins
  9 hobgoblins
  5 jackals
  14 kobolds
  7 quokkas
  A frilled lizard (D:1)
  5 rats
205 creatures vanquished.

Vanquished Creatures (others)
  A black bear (D:6)
1 creature vanquished.

Grand Total: 206 creatures vanquished

Notes
Turn   | Place    | Note
-------+----------+-------------------------------------------
     0 | D:1      | brinewave the Armataur Shapeshifter began the quest for the
                  | Orb.
     0 | D:1      | Reached XP level 1. HP: 15/15 MP: 1/1
   235 | D:1      | Reached skill level 1 in Fighting
   532 | D:1      | Reached XP level 2. HP: 23/23 MP: 2/2
  1200 | D:2      | Reached skill level 1 in Armour
  1250 | D:2      | Reached XP level 3. HP: 25/28 MP: 3/3
  1644 | D:2      | Found Wauh's Antique Armour Boutique.
  1858 | D:3      | Reached XP level 4. HP: 23/36 MP: 4/4
  2283 | D:3      | Noticed Ijyb
  2301 | D:3      | Killed Ijyb
  2302 | D:3      | Reached skill level 2 in Armour
  2419 | D:3      | Found a runed translucent gate.
  2420 | D:3      | Found a runed translucent gate.
  2420 | D:3      | Found a runed translucent gate.
  2421 | D:3      | Noticed McIvan's ghost (weakling DgIE)
  2421 | D:3      | Noticed bignoob's ghost (weakling MeAl)
  2421 | D:3      | Noticed DispaterIsMyDaddy's ghost (amateur GnSh)
  2421 | D:3      | Noticed Abbadon's ghost (amateur VSHu)
  2744 | D:4      | Reached XP level 5. HP: 37/41 MP: 5/5
  3292 | D:5      | Entered Level 5 of the Dungeon
  3303 | D:5      | Noticed a water moccasin
  3309 | D:4      | Reached skill level 3 in Armour
  3309 | D:4      | Reached XP level 6. HP: 48/50 MP: 6/6
  3615 | D:5      | Noticed Menkaure
  3626 | D:5      | Killed Menkaure
  3745 | D:5      | Reached skill level 4 in Armour
  3745 | D:5      | Gained mutation: You regenerate magic and health when
                  | rolling toward enemies. (Rampage Regen) [Armataur growth]
  3745 | D:5      | Reached XP level 7. HP: 35/57 MP: 7/7
  3847 | D:5      | Found a staircase to the Ecumenical Temple.
  3848 | D:5      | You fall into a shaft and drop 1 floor!
  4053 | D:6      | Noticed a two-headed ogre
  4149 | D:6      | Identified the +7 spear "Upihatadd" {protect, Dex+3}
  4169 | D:6      | Killed a two-headed ogre
  4170 | D:6      | Reached skill level 6 in Armour
  4170 | D:6      | Reached skill level 5 in Unarmed Combat
  4170 | D:6      | Reached skill level 5 in Shapeshifting
  4170 | D:6      | Reached XP level 8. HP: 48/67 MP: 8/8
  4523 | D:6      | Noticed Edmund
  4540 | D:6      | Killed Edmund
  4541 | D:6      | Reached skill level 5 in Fighting
  4563 | D:6      | Noticed Blork the orc
  4571 | D:6      | Killed Blork the orc
  4929 | D:6      | Reached XP level 9. HP: 70/74 MP: 9/9
  4981 | D:5      | Reached skill level 7 in Armour
  6206 | D:8      | Reached skill level 8 in Armour
  6728 | D:9      | Reached XP level 10. HP: 27/84 MP: 10/10
  6837 | D:9      | Noticed a two-headed ogre
  6839 | D:9      | Noticed a purple ugly thing
  6858 | D:9      | Killed a two-headed ogre
  6932 | D:9      | Killed a purple ugly thing
  6933 | D:9      | Reached skill level 9 in Armour
  7035 | D:9      | Noticed a two-headed ogre
  7115 | D:9      | Killed a two-headed ogre
  7199 | D:9      | Found a bloodstained altar of Trog.
  7202 | D:9      | Found a stormy altar of Qazlal.
  7204 | D:9      | Found a hide-covered altar of Uskayaw.
  7207 | D:9      | Became a worshipper of Trog the Wrathful
  7534 | D:9      | Found a transporter.
  7556 | D:9      | Found a transporter.
  7564 | D:9      | Found a transporter.
  7591 | D:9      | Found a transporter.
  7620 | D:9      | Reached skill level 10 in Armour
  7829 | D:9      | Noticed a rust devil
  7854 | D:9      | Noticed a rust devil
  7866 | D:9      | HP: 1/88 [kobold demonologist/+0 war axe (12)]
  7867 | D:9      | Slain by an iron imp

Illustrated notes

Levels and vault maps discovered:
D:1:      lemuel_arrival_lava_pool, layout_basic, kennysheep_small_spiral
D:2:      layout_basic, serial_shops, shop, kennysheep_another_room,
          dreamdust_mushroom_princess, minmay_door_square
D:3:      layout_basic, gammafunk_ghost_cemetery, uniq_ijyb
D:4:      layout_loops_ring
D:5:      layout_cave_pools, minmay_temple_entry_butterflies, uniq_menkaure
D:6:      layout_loops_ring, chequers_serial_rivers_small_b,
          nicolae_elevator_lobby_plus, uniq_edmund, uniq_blork_the_orc
D:7:      layout_rooms
D:8:      layout_rooms
D:9:      minmay_the_grid_3x3 [minmay_the_grid_plusring, minmay_the_grid_expand,
          minmay_the_grid_square_x, minmay_the_grid_garden, minmay_the_grid_fan,
          minmay_the_grid_x, minmay_the_grid_odd_star,
          minmay_the_grid_outer_circle,
          minmay_the_grid_prize_four_corners_diamond_b], layout_basic,
          grunt_temple_overflow_open, nicolae_transporter_intersection

Skill      XL: |  1  2  3  4  5  6  7  8  9 10 |
---------------+-------------------------------+-----
Fighting       | 1 2 3 4 5 6 7 |  7.8
Unarmed Combat | 3 4 5 6 7 8 |  8.3
Armour         | 1 2 3 4 6 8 10 | 10.0
Shapeshifting  | 3 4 5 6 7 |  7.7
Dodging        | |  1.3

Action                     |  1- 3 |  4- 6 |  7- 9 | 10-12 || total
---------------------------+-------+-------+-------+-------++-------
  Melee: Unarmed           |   113 |   169 |   309 |   171 ||   762
         Tailslap          |    14 |    23 |    62 |    34 ||   133
         Punch             |     2 |     9 |    19 |    15 ||    45
         Spear             |       |       |     1 |       ||     1
  Throw: Dart              |       |       |     5 |    15 ||    20
Ability: Begin Untransform |     2 |       |       |       ||     2
  Evoke: Wand              |       |       |     2 |       ||     2
    Use: Scroll            |       |     7 |     4 |     2 ||    13
 Armour: Animal skin       |     7 |       |       |       ||     7
         Ring mail         |    74 |   127 |   139 |       ||   340
         Plate armour      |       |       |   174 |   176 ||   350
  Dodge: Dodged            |    49 |    80 |   112 |    29 ||   270
   Form: Beast             |     3 |       |       |       ||     3

Table legend: (Time is in decaauts)
 A = Elapsed time spent in this place.
 B = Non-inter-level travel time spent in this place.
 C = Inter-level travel time spent in this place.
 D = Time resting spent in this place.
 E = Time spent auto-exploring this place.
 F = Levels seen in this place.
 G = Mean time per level.
                   A        B        C        D        E       F      G
               +--------+--------+--------+--------+--------+-----+--------+
         Total |   7803 |   7605 |    198 |    659 |   4927 |   9 |  867.0 |
       Dungeon |   7803 |   7605 |    198 |    659 |   4927 |   9 |  867.0 |
               +--------+--------+--------+--------+--------+-----+--------+

Top non-repeatable levels by time:
     D:6: 1413 daAuts
     D:9: 1317 daAuts
     D:1: 1111 daAuts
     D:4: 1028 daAuts
     D:5: 732 daAuts
     D:2: 678 daAuts
     D:3: 677 daAuts
     D:7: 431 daAuts
     D:8: 412 daAuts
